 Dungeon Crawl Stone Soup version 0.24.0-13-gcf9b3192b9 (webtiles) character file.

Game seed: 6587695098681402070, levelgen mode: deterministic

50257 roguesci the Basher (level 14, -2/88 HPs)
             Began as a Gargoyle Fighter on Nov 8, 2019.
             Was a Believer of Uskayaw.
             Slain by an orc warrior
             ... wielding a +0 long sword
             ... led by an orc high priest
              (9 damage)
             ... on level 11 of the Dungeon.
             The game lasted 00:59:48 (21272 turns).

roguesci the Basher (Gargoyle Fighter)             Turns: 21272, Time: 00:59:53

Health: -2/88      AC: 27    Str: 25    XL:     14   Next: 54%
Magic:  5/7        EV: 10    Int:  9    God:    Uskayaw [**....]
Gold:   1151       SH: 12    Dex: 14    Spells: 7/14 levels left

rFire    . . .     SeeInvis +   M - +5 war axe of Nolistrih {antimagic, rC+ Dex+5 SInv}
rCold    + . .     Gourm    .   c - +0 shield
rNeg     + + .     Faith    .   k - +4 ring mail
rPois    ∞         Spirit   .   L - +2 helmet
rElec    +         Reflect  .   I - +1 cloak
rCorr    .         Harm     .   (no gloves)
MR       +....                  (no boots)
Stlth    +.........             (no amulet)
HPRegen  0.24/turn              (no ring)
MPRegen  0.10/turn              N - ring of positive energy

@: very slightly contaminated
A: big wings, negative energy resistance 1, electricity resistance, unbreathing,
petrification resistance, rot immunity, AC +10
a: Fly, Stomp, Line Pass, Renounce Religion


You were on level 11 of the Dungeon.
You worshipped Uskayaw.
Uskayaw was aware of your devotion.
You were not hungry.

You visited 4 branches of the dungeon, and saw 21 of its levels.

You collected 1256 gold pieces.
You spent 105 gold pieces at shops.

Inventory:

Hand Weapons
 b - a +2 morningstar of crushing
 M - the +5 war axe of Nolistrih (weapon) {antimagic, rC+ Dex+5 SInv}
   (You found it on level 9 of the Dungeon)

   It reduces the magical energy of the wielder, and disrupts the spells and
   magical abilities of those hit.
   Natural abilities and divine invocations are not affected.
   It affects your dexterity (+5).
   It protects you from cold.
   It lets you see invisible.
Missiles
 m - 440 stones (quivered)
 n - a throwing net
Armour
 c - a +0 shield (worn)
 k - a +4 ring mail (worn)
 t - a +1 hat
 I - a +1 cloak (worn)
 L - a +2 helmet (worn)
 O - +0 acid dragon scales
Jewellery
 K - an uncursed ring of ice
 N - a ring of positive energy (right hand)
 Q - an uncursed ring of resist corrosion
 R - an uncursed ring of wizardry
Wands
 X - a wand of scattershot (3)
Scrolls
 a - 2 scrolls of holy word {unknown}
 e - 19 scrolls of remove curse
 h - 8 scrolls of identify
 i - 4 scrolls of enchant armour
 j - 3 scrolls of random uselessness {unknown}
 o - 4 scrolls of magic mapping
 r - 3 scrolls of summoning {unknown}
 v - 3 scrolls of immolation
 w - 6 scrolls of amnesia
 x - a scroll of noise {unknown}
 C - 4 scrolls of enchant weapon
 D - 3 scrolls of teleportation
 E - 4 scrolls of blinking {unknown}
 F - 2 scrolls of fog
 P - a scroll of brand weapon {unknown}
 S - 2 scrolls of torment
 T - a scroll of acquirement {unknown}
 W - a scroll of fear
Potions
 d - 4 potions of might
 l - a potion of brilliance
 p - a potion of haste
 s - a potion of resistance
 z - 3 potions of mutation
 A - a potion of cancellation
 B - a potion of flight
 J - 3 potions of agility
 V - 6 potions of curing
Comestibles
 f - 21 rations


   Skills:
 - Level 10.7 Fighting
 - Level 11.2(13.1) Axes
 - Level 12.5(14.3) Maces & Flails
 - Level 10.6 Armour
 - Level 2.0 Dodging
 - Level 8.3 Shields
 * Level 0.8 Spellcasting
 * Level 1.0 Conjurations
 * Level 0.7 Air Magic
 * Level 0.9 Poison Magic
 - Level 10.8 Invocations


You had 7 spell levels left.
You knew the following spells:

 Your Spells              Type           Power        Failure   Level  Hunger
a - Blink                 Tloc           N/A          88%         2    ###....
b - Mephitic Cloud        Conj/Pois/Air  #.......     95%         3    ####...
c - Swiftness             Chrm/Air       #.......     86%         2    ###....

Your spell library contained the following spells:

 Spells                   Type           Power        Failure   Level  Hunger
 Magic Dart               Conj           #...         63%         1    ##.....
 Shock                    Conj/Air       #...         65%         1    ##.....
 Corona                   Hex            #......      77%         1    ##.....
 Summon Small Mammal      Summ           #...         77%         1    ##.....
 Call Imp                 Summ           #.......     88%         2    ###....
 Ensorcelled Hibernation  Hex/Ice        #.....       88%         2    ###....
 Slow                     Hex            #.......     88%         2    ###....
 Song of Slaying          Chrm           #.......     88%         2    ###....
 Static Discharge         Conj/Air       #.......     95%         3    ####...
 Conjure Flame            Conj/Fire      #.......     97%         3    ####...
 Dazzling Spray           Conj/Hex       #.....       97%         3    ####...
 Stone Arrow              Conj/Erth      #.....       97%         3    ####...
 Call Canine Familiar     Summ           #.......     98%         3    ####...
 Confuse                  Hex            #.......     98%         3    ####...
 Ozocubu's Armour         Chrm/Ice       #.......     98%         3    ####...
 Summon Guardian Golem    Hex/Summ       #.......     98%         3    ####...
 Tukima's Dance           Hex            #.......     98%         3    ####...
 Airstrike                Air            #.........   100%        4    #####..
 Summon Ice Beast         Ice/Summ       #.......     100%        4    #####..
 Summon Lightning Spire   Summ/Air       #.......     100%        4    #####..
 Borgnjor's Vile Clutch   Necr/Erth      #.........   100%        5    ######.
 Lightning Bolt           Conj/Air       #.........   100%        5    ######.
 Silence                  Hex/Air        #.........   100%        5    ######.
 Conjure Ball Lightning   Conj/Air       #.........   100%        6    #######
 Darkness                 Hex            #.........   100%        6    #######
 Deflect Missiles         Chrm/Air       #.........   100%        6    #######
 Shadow Creatures         Summ           N/A          100%        6    #######
 Tornado                  Air            #.........   100%        9    #######


Dungeon Overview and Level Annotations

Branches:
Dungeon (13/15)            Temple (1/1) D:6            Lair (6/6) D:11
  Swamp (0/4) Lair:3       Spider (0/4) Lair:2        Slime (0/5) Lair:6
    Orc (1/2) D:11
 Vaults: D:13-14

Altars:
Ashenzari
Cheibriados
Dithmenos
Elyvilon
Fedhas
Gozag
Hepliaklqana
Kikubaaqudgha
Makhleb
Nemelex Xobeh
Okawaru
Qazlal
Ru
Sif Muna
Trog
Uskayaw
Vehumet
Wu Jian
Xom
Yredelemnul
Zin
The Shining One

Shops:
D:5 ?

Annotations:
D:5 1 runed translucent door, bl3nd3r's ghost, novice MiBe
D:9 exclusion: obsidian statue
D:13 Azrael
Lair:2 1 runed translucent door, Haxyobbu's ghost, journeyman MiFi
Lair:6 exclusion: 3 oklob plants


Innate Abilities, Weirdness & Mutations

You are resistant to torment.
Your stone body is resilient. (AC +10)
You are immune to poison.
Your large and strong wings let you fly indefinitely.
You resist negative energy. (rN+)
You are resistant to electric shocks. (rElec)
You can survive without breathing.
You are immune to petrification.
You are immune to rotting.


Message History

The orc warrior hits you with a +0 long sword.
You completely miss the stone giant.
The stone giant is moderately wounded.
You hit the orc warrior but do no damage.
The stone giant hits you!
You slice the stone giant!!
The stone giant is heavily wounded.
You hit the orc warrior. The orc warrior misses you. The stone giant hits you!!
* * * LOW HITPOINT WARNING * * *
You can now pass through a line of other dancers.
You feel much better. The stone giant hits you!!
* * * LOW HITPOINT WARNING * * *
The orc warrior hits you but does no damage.
Cast which spell? (? or * to list)
You miscast Blink.
You are very lightly contaminated with residual magic.
Strange energies run through your body. The stone giant hits you!
* * * LOW HITPOINT WARNING * * *
The orc warrior hits you with a +0 long sword!
You die...

#...##..........#.........#
#...##....).....#.........'
#...##..........#.........#
#...............'.........#
#...............#.........#
#......##########..)>......
#......#..........(........
#......#.[o......(.(.......
#......#.C@....(...........
#......#.....(.............
##......#####'####..........
###.....####.......##########'
##.....P...##..####............
#P..PP......#..# #............
#PPPPPP........# #......####..
#PPP...P.......# #......# #..
#PP.>...PPPP...####......####..


You could see a stone giant and an orc warrior.

Vanquished Creatures
  Gastronok (D:8)
  Fannar (Lair:1)
  Erolcha (D:9)
  9 hydras
  A merfolk avatar (Lair:6)
  A two-headed ogre (D:11)
  An orc high priest (Orc:1)
  2 unseen horrors
  A lindwurm (Lair:4)
  Pikel (D:6)
  2 harpies (Lair:6)
  3 manticores
  An orc sorcerer (Orc:1)
  2 ugly things (D:11)
  A cyclops (D:12)
  15 elephants
  Joseph (D:7)
  5 black mambas
  4 rime drakes
  11 spiny frogs
  5 komodo dragons
  2 trolls
  5 polar bears
  A bog body (Lair:3)
  2 hornets
  9 hippogriffs
  A blink frog (shapeshifter) (D:11)
  7 blink frogs
  5 slime creatures
  A redback (Lair:2)
  2 spriggans
  4 wyverns
  26 yaks
  2 basilisks
  2 hungry ghosts (D:9)
  Menkaure (D:4)
  A warg (Orc:1)
  A soldier ant (D:11)
  13 water moccasins
  An acid dragon (D:10)
  8 porcupines
  5 orc warriors
  5 ice beasts
  2 sky beasts
  3 ogres
  2 phantoms (D:7)
  3 centaurs
  13 crocodiles
  4 big kobolds
  16 bullfrogs
  A wyvern zombie (D:12)
  5 scorpions
  8 killer bees
  6 howler monkeys
  3 wights (D:6)
  6 crimson imps
  A bullfrog zombie (D:6)
  5 hounds
  A quasit (D:5)
  8 jellies
  3 bullfrog skeletons
  6 orc priests
  Crazy Yiuf (D:2)
  5 iguanas
  5 centaur skeletons
  Ijyb (D:3)
  Natasha (thrice) (D:4)
  10 orc wizards
  4 worker ants
  Robin (D:4)
  6 gnolls
  2 worker ant zombies
  12 adders
  3 shadow imps
  An ooze (D:6)
  2 adder zombies
  2 adder skeletons
  A worm (D:4)
  A dart slug (D:3)
  3 leopard geckos (D:6)
  42 orcs
  6 giant cockroaches
  16 goblins
  5 hobgoblins
  6 jackals
  2 quokkas
  5 bats
  3 frilled lizards
  19 kobolds
  A leopard gecko skeleton (D:5)
  A rat (D:2)
  A plant (Lair:2)
439 creatures vanquished.

Vanquished Creatures (others)
  A bog body (Lair:3)
  A bullfrog (D:6)
  A fungus (Lair:2)
  17 plants
  2 withered plants (Lair:2)
22 creatures vanquished.

Grand Total: 461 creatures vanquished

Notes
Turn   | Place    | Note
-------+----------+-------------------------------------------
     0 | D:1      | roguesci the Gargoyle Fighter began the quest for the Orb.
     0 | D:1      | Reached XP level 1. HP: 14/14 MP: 1/1
   838 | D:2      | Reached XP level 2. HP: 19/19 MP: 2/2
   843 | D:2      | Reached XP level 3. HP: 23/23 MP: 3/3
   944 | D:2      | Found a radiant altar of Vehumet.
   995 | D:2      | Reached skill level 1 in Dodging
  1066 | D:2      | Found a runed translucent door.
  1067 | D:2      | Noticed Crazy Yiuf
  1327 | D:2      | Reached XP level 4. HP: 19/29 MP: 4/4
  1479 | D:2      | Reached skill level 3 in Maces & Flails
  1838 | D:2      | Killed Crazy Yiuf
  2001 | D:3      | Reached XP level 5. HP: 33/33 MP: 5/5
  2103 | D:3      | Found a stormy altar of Qazlal.
  2291 | D:3      | Noticed Ijyb
  2316 | D:3      | Killed Ijyb
  2582 | D:4      | Noticed an ogre
  2587 | D:4      | Reached skill level 4 in Maces & Flails
  2587 | D:4      | Reached XP level 6. HP: 39/39 MP: 6/6
  2729 | D:4      | Noticed Robin
  2778 | D:4      | Killed Robin
  2802 | D:4      | Reached skill level 5 in Fighting
  2802 | D:4      | Reached XP level 7. HP: 34/44 MP: 7/7
  2901 | D:4      | Reached skill level 5 in Maces & Flails
  2903 | D:4      | Noticed Natasha
  2907 | D:4      | Noticed Menkaure
  2908 | D:4      | Killed Natasha
  2913 | D:4      | Killed Menkaure
  2913 | D:4      | Reached skill level 5 in Armour
  2957 | D:4      | Noticed Natasha
  2961 | D:4      | Killed Natasha
  3045 | D:4      | Found a burning altar of Makhleb.
  3190 | D:4      | Noticed Natasha
  3197 | D:4      | Killed Natasha
  3197 | D:4      | Reached skill level 6 in Maces & Flails
  3230 | D:4      | Found an iron altar of Okawaru.
  3231 | D:4      | Found a bloodstained altar of Trog.
  3421 | D:5      | Entered Level 5 of the Dungeon
  3459 | D:5      | Reached XP level 8. HP: 51/51 MP: 8/8
  3477 | D:5      | Found a glowing silver altar of Zin.
  3670 | D:5      | Found Nurahi's Magic Scroll Shop.
  3686 | D:5      | Bought a scroll of enchant weapon for 75 gold pieces
  3686 | D:5      | Bought a scroll of teleportation for 30 gold pieces
  3789 | D:5      | Found a runed translucent door.
  3790 | D:5      | Noticed bl3nd3r's ghost (novice MiBe)
  4016 | D:6      | Found a staircase to the Ecumenical Temple.
  4031 | Temple   | Entered the Ecumenical Temple
  4066 | Temple   | Became a worshipper of Uskayaw the Reveler
  4093 | D:6      | Reached * piety under Uskayaw
  4117 | D:6      | Reached skill level 7 in Maces & Flails
  4117 | D:6      | Reached ** piety under Uskayaw
  4284 | D:6      | Reached *** piety under Uskayaw
  4557 | D:6      | Noticed Pikel
  4572 | D:6      | HP: 2/78 [slave[Pikel] (6)]
  4574 | D:6      | Killed Pikel
  4574 | D:6      | Reached skill level 8 in Maces & Flails
  4574 | D:6      | Reached XP level 9. HP: 2/57 MP: 9/9
  5054 | D:6      | Found a glowing golden altar of the Shining One.
  5472 | D:7      | You fall into a shaft and drop 3 floors!
  5472 | D:10     | Entered Level 10 of the Dungeon
  5559 | D:9      | Got a crude war axe
  5560 | D:9      | Identified the +5 war axe of Nolistrih {antimagic, rC+
                  | Dex+5 SInv} (You found it on level 9 of the Dungeon)
  5590 | D:9      | Reached skill level 1 in Axes
  5591 | D:9      | Reached **** piety under Uskayaw
  5604 | D:9      | Reached skill level 9 in Maces & Flails
  5619 | D:9      | Noticed an obsidian statue
  5672 | D:9      | Noticed a troll
  5681 | D:9      | Killed a troll
  5681 | D:9      | Reached skill level 1 in Invocations
  6094 | D:9      | Reached XP level 10. HP: 54/63 MP: 4/12
  6469 | D:9      | Noticed Erolcha
  6485 | D:9      | Killed Erolcha
  6726 | D:8      | Reached skill level 5 in Axes
  6732 | D:8      | Reached ***** piety under Uskayaw
  6765 | D:8      | Found a white marble altar of Elyvilon.
  7031 | D:8      | Noticed Gastronok
  7058 | D:8      | Killed Gastronok
  7058 | D:8      | Reached skill level 10 in Maces & Flails
  7058 | D:8      | Reached skill level 5 in Invocations
  7265 | D:8      | Reached XP level 11. HP: 67/67 MP: 5/15
  7379 | D:8      | Found a shattered altar of Ashenzari.
  8099 | D:7      | Noticed Joseph
  8103 | D:7      | Found an opulent altar of Gozag.
  8111 | D:7      | Killed Joseph
  8814 | D:9      | Noticed a sixfirhy
  9181 | D:10     | Noticed an unseen horror
  9191 | D:10     | Killed an unseen horror
 10259 | D:11     | Found a staircase to the Lair.
 10271 | D:11     | Found a staircase to the Orcish Mines.
 10276 | D:11     | Noticed a green ugly thing
 10289 | D:11     | Killed a green ugly thing
 10453 | D:11     | Noticed a two-headed ogre
 10461 | D:11     | Killed a two-headed ogre
 10942 | D:12     | Noticed a brown ugly thing
 10962 | D:11     | Killed a brown ugly thing
 10972 | D:11     | Reached XP level 12. HP: 66/73 MP: 5/17
 11022 | D:12     | Reached ****** piety under Uskayaw
 11060 | D:12     | Reached skill level 11 in Maces & Flails
 11382 | D:12     | Noticed a two-headed ogre
 12420 | D:13     | Noticed Azrael
 12758 | Lair:1   | Entered Level 1 of the Lair of Beasts
 13033 | Lair:1   | Noticed a six-headed hydra
 13042 | Lair:1   | Killed a six-headed hydra
 13224 | Lair:1   | Noticed Fannar
 13241 | Lair:1   | Killed Fannar
 13241 | Lair:1   | Reached skill level 5 in Shields
 13768 | Lair:2   | Reached skill level 10 in Axes
 14125 | Lair:2   | Reached XP level 13. HP: 67/80 MP: 6/19
 14256 | Lair:2   | Found a runed translucent door.
 14630 | Lair:2   | Found a hole to the Spider Nest.
 14865 | Lair:2   | Noticed Haxyobbu's ghost (journeyman MiFi)
 15570 | Lair:3   | Found a staircase to the Swamp.
 16938 | Lair:4   | Reached skill level 12 in Maces & Flails
 17055 | Lair:4   | Reached skill level 10 in Invocations
 18296 | Lair:5   | Reached skill level 10 in Fighting
 18724 | Lair:6   | Entered Level 6 of the Lair of Beasts
 18755 | Lair:6   | Reached skill level 10 in Armour
 18758 | Lair:6   | Found a staircase to the Slime Pits.
 18765 | Lair:6   | Gained mutation: Your large and strong wings let you fly
                  | indefinitely. [Gargoyle growth]
 18765 | Lair:6   | Reached XP level 14. HP: 28/88 MP: 1/21
 20429 | Lair:6   | Identified the Compendium of Self-Improvement and the
                  | Mountains
 20882 | Lair:6   | Learned a level 2 spell: Blink
 20886 | Lair:6   | Learned a level 3 spell: Mephitic Cloud
 20889 | Lair:6   | Learned a level 2 spell: Swiftness
 21047 | Orc:1    | Entered Level 1 of the Orcish Mines
 21052 | Orc:1    | Noticed a stone giant
 21062 | Orc:1    | Reached skill level 1 in Conjurations
 21272 | D:11     | Slain by an orc warrior

Levels and vault maps discovered:
D:1:      minmay_arrival_stone_box, layout_basic
D:2:      layout_basic, fiery_altar_vehumet, serial_bayou_lagoon_a,
          grunt_ministairs_10, uniq_crazy_yiuf_cottage
D:3:      minmay_evil_eye, layout_basic, nicolae_qazlal_general_emergency,
          kennysheep_another_room, hangedman_glass_teeth, uniq_ijyb
D:4:      layout_rooms, grunt_temple_overflow_bloody_war, old_standard_altar,
          first_ration, uniq_natasha, uniq_robin, uniq_menkaure
D:5:      layout_cave_pools, old_standard_altar, ebering_ghost_inner_flame,
          serial_shops, nicolae_shop_trees
D:6:      layout_layer_cave, nicolae_overflow_hidden_temple,
          minmay_temple_entry_poolview, uniq_pikel
D:7:      layout_loops_corners, lemuel_coloured_pillars_altar, the_bakery,
          uniq_joseph
D:8:      layout_basic, nicolae_overflow_crystal_walls,
          ashenzari_conservatory_becter, abandoned_shop, uniq_gastronok
D:9:      layout_layer_cave, minmay_protected_statue, uniq_erolcha
D:10:     layout_roguey
D:11:     layout_stronghold, david_lair_shrubbed, orc_0_dummy
D:12:     layout_cave_pools
D:13:     layout_layer_cave, david_vaults_4, uniq_azrael
Temple:   minmay_temple_bridge_abc
Lair:1:   layout_regular_city, hangedman_lair_unloving_vines, uniq_fannar
Lair:2:   layout_chaotic_city, spider_nest_entry_webs, gammafunk_ghost_grave,
          nicolae_volcano_entry_hallway
Lair:3:   layout_hall_layers, skrybe_swamp_entry_bodies, grunt_megastairs_3
Lair:4:   layout_loops_ring
Lair:5:   layout_hall_layers, kennysheep_catoblepas_arena, lemuel_fruit_tree,
          serial_bayou_shore_b
Lair:6:   gammafunk_lair_ancient_temple, layout_cave_shapes,
          minmay_slime_entry_pillars, grunt_forest_large_clearing_hut,
          minmay_lair_oklob_chamber
Orc:1:    layout_diamond_mine

Skill      XL: |  1  2  3  4  5  6  7  8  9 10 11 12 13 14 |
---------------+-------------------------------------------+-----
Dodging        | 1 2 |  2.0
Maces & Flails | 3 4 6 8 9 10 11 12 | 12.5
Fighting       | 4 5 7 8 10 | 10.7
Armour         | 4 5 7 8 10 | 10.6
Axes           | 3 6 9 10 11 | 11.2
Invocations    | 3 5 7 9 10 | 10.8
Shields        | 5 7 8 |  8.3
Conjurations   | 1 |  1.0
Spellcasting   | |  0.8
Air Magic      | |  0.7
Poison Magic   | |  0.9

Action                   |  1- 3 |  4- 6 |  7- 9 | 10-12 | 13-15 || total
-------------------------+-------+-------+-------+-------+-------++-------
Melee: Flail             |    18 |       |       |       |       ||    18
       Whip              |    39 |    64 |       |       |       ||   103
       Morningstar       |       |   112 |   222 |    13 |   270 ||   617
       War axe           |       |       |    67 |   510 |   227 ||   804
Invok: Stomp             |       |       |       |       |     7 ||     7
       Line Pass         |       |       |       |       |     3 ||     3
Evoke: Wand              |       |       |       |     1 |       ||     1
  Use: Scroll            |       |     1 |     1 |    13 |    11 ||    26
       Potion            |       |       |     2 |     8 |     7 ||    17
 Stab: Paralysed         |       |       |     5 |    52 |    59 ||   116
       Confused          |       |       |       |       |     2 ||     2
  Eat: Chunk             |     1 |     4 |    14 |    16 |     7 ||    42
       Ration            |       |       |       |     3 |     6 ||     9
Armor: Scale mail        |    23 |    25 |       |       |       ||    48
       Ring mail         |       |    89 |   180 |   313 |   411 ||   993
Dodge: Dodged            |    11 |    82 |   112 |   204 |   200 ||   609
Block: Shield            |    22 |   123 |   174 |   299 |   363 ||   981
